 Dungeon Crawl Stone Soup version 0.31.0-11-ge490571c62 (webtiles) character file.

Game seed: 7197135527379529016

11781 qw the Spry (level 11, -2/55 HPs)
             Began as a Spriggan Hunter on Feb 4, 2024.
             Was a High Priest of Okawaru.
             Slain by a troll (13 damage)
             ... on level 9 of the Dungeon.
             The game lasted 00:02:49 (7406 turns).

qw the Spry (Spriggan Hunter)                       Turns: 7406, Time: 00:02:49

Health: -2/55      AC:  0    Str:  7    XL:     11   Next: 53%
Magic:  15/15      EV: 34    Int: 11    God:    Okawaru [*****.]
Gold:   53         SH:  0    Dex: 23    Spells: 10/10 levels left

rFire   + . .        q - +0 orcbow (flame)
rCold   . . .        (shield currently unavailable)
rNeg    . . .        f - +0 steam dragon scales
rPois   .            (helmet restricted)
rElec   +            g - +2 cloak
rCorr   .            (gloves unavailable)
SInv    +            (boots unavailable)
Will    +....        (no amulet)
Stlth   ++           b - ring of protection from fire
HPRegen 1.09/turn    (no ring)
MPRegen 0.14/turn

%: clarity
@: corroded, very quick
A: very small, no large weapons, unfitting armour, see invisible, speed 3,
clarity, regeneration 1, electricity resistance
a: Renounce Religion, Heroism, Finesse, Duel


You were on level 9 of the Dungeon.
You worshipped Okawaru.
Okawaru was extremely pleased with you.
You visited 2 branches of the dungeon, and saw 10 of its levels.
You also visited: Sewer.

You collected 53 gold pieces.


Innate Abilities, Weirdness & Mutations

You are very small and have problems with some larger weapons.
You are too small for most types of armour.
You have supernaturally acute eyesight. (SInv)
You cover ground extremely quickly. (Speed+++)
You possess an exceptional clarity of mind.
Your natural rate of healing is unusually fast.
You are resistant to electric shocks. (rElec)


   Skills:
 - Level 5.0 Fighting
 + Level 12.3 Ranged Weapons
 - Level 1.0 Armour
 - Level 16.6 Dodging
 - Level 1.5 Stealth
 + Level 5.3 Invocations


You had 10 spell levels left.
You didn't know any spells.
Your spell library was empty.

Inventory:

Hand Weapons
 q - a +0 orcbow of flaming (weapon)
Armour
 f - +0 steam dragon scales (worn)
 g - a +2 cloak (worn)
Jewellery
 b - a ring of protection from fire (left hand)
Wands
 a - a wand of quicksilver (11)
 e - a wand of polymorph (12)
 n - a wand of digging (6)
 p - a wand of roots (10)
 s - a wand of mindburst (15)
Potions
 c - a potion of heal wounds {unknown}
 h - a potion of enlightenment
 i - a potion of magic
 j - 3 potions of might
 k - 3 potions of curing
 l - a potion of cancellation
 m - a potion of haste
 o - a potion of resistance {unknown}
 r - a potion of berserk rage {unknown}
 t - a potion of mutation

Dungeon Overview and Level Annotations

Branches:
Dungeon (9/15)             Temple (1/1) D:5           Sewer (visited)
   Lair: D:8-11         Orc: D:9-12

Altars:
Ashenzari
Cheibriados
Dithmenos
Elyvilon
Fedhas
Gozag
Hepliaklqana
Kikubaaqudgha
Makhleb
Nemelex Xobeh
Okawaru
Qazlal
Ru
Trog
Uskayaw
Vehumet
Wu Jian
Xom
Yredelemnul
Zin
The Shining One

Shops:
D:1 *   D:5 (

Annotations:
D:2 1 runed translucent door, Crazy Yiuf
D:8 1 runed translucent door


Message History

You shoot an arrow.
The arrow hits the troll but does no damage.
The troll is heavily wounded.
The troll completely misses you. The troll misses you. x2
You shoot an arrow.
The arrow barely misses the acid dragon.
The troll completely misses you. x2; The troll misses you.
The acid dragon completely misses you. x2
You shoot an arrow. The arrow hits the acid dragon.
The arrow burns the acid dragon.
The acid dragon is severely wounded.
The acid dragon completely misses you.
The acid dragon claws you but does no damage.
The troll completely misses you. x3
You shoot an arrow.
The arrow barely misses the acid dragon.
The acid dragon spits acid at you. The splash of acid hits you!!!
Ouch! That really hurt!
The acid corrodes you! The troll completely misses you. x3
You shoot an arrow.
The arrow closely misses the acid dragon.
The acid dragon misses you. The acid dragon completely misses you.
The troll closely misses you. The troll completely misses you.
The troll closely misses you.
You shoot an arrow. The arrow hits the acid dragon!
The arrow burns the acid dragon.
You kill the acid dragon!
Okawaru accepts your kill.
You can now enter into single combat with a foe.
Okawaru will now gift you throwing weapons as you gain piety.
The troll completely misses you. x3
You shoot an arrow. The arrow barely misses the troll.
You shoot an arrow. The arrow hits the troll!
The arrow burns the troll.
The troll is severely wounded.
The troll misses you. The troll completely misses you.
The troll closely misses you.
You shoot an arrow. The arrow barely misses the troll.
The troll bites you!
You die...

#.......# #.........
#.......# #.........
###.......# #.........
#.'.......####.........
##.#.......'.##.........
..<#.......#.##.........
.###..?....#.('.........
## #.......####.........
######+## #.@.......
##T%###### ##... .....
...!... ....... .......
.(.....


You could see a troll.

Vanquished Creatures
  Erica (D:8)
  2 two-headed ogres
  Maurice (D:7)
  Psyche (D:8)
  A troll (D:7)
  Grinder (D:4)
  Sigmund (D:2)
  2 wyverns
  3 yaks (D:6)
  Eustachio (D:4)
  Grum (D:8)
  2 steam dragons
  An acid dragon (D:9)
  4 water moccasins
  2 sky beasts
  A hornet zombie (D:6)
  An orc warrior (D:8)
  2 black bears (D:6)
  3 ogres
  A centaur (D:8)
  3 phantoms
  2 wolves (D:7)
  2 kobold brigands (Sewer)
  A gnoll sergeant (D:6)
  4 bullfrogs
  A necrophage (D:6)
  2 scorpions
  9 wights
  12 killer bees
  A howler monkey (D:7)
  A spectral centaur (D:6)
  A spectral bullfrog (D:6)
  A centaur zombie (D:6)
  3 jellies (D:3)
  6 hounds
  7 orc priests
  3 iguanas
  A scorpion zombie (D:3)
  3 sleepcaps
  3 orc wizards
  A howler monkey zombie (D:3)
  8 adders
  7 gnolls (D:6)
  A river rat (D:6)
  2 shadow imps
  3 ufetubi
  An adder zombie (D:3)
  An adder skeleton (D:3)
  3 dart slugs
  2 ribbon worms
  19 orcs
  8 bats
  19 endoplasms
  3 giant cockroaches
  4 goblins
  7 hobgoblins
  5 jackals
  27 kobolds
  3 quokkas
  8 ball pythons
  A ball python zombie (D:3)
  12 frilled lizards
  A giant cockroach zombie (Sewer)
  A jackal zombie (D:3)
  A kobold zombie (Sewer)
  A quokka skeleton (D:3)
  7 rats
254 creatures vanquished.

Notes
Turn   | Place    | Note
-------+----------+-------------------------------------------
     0 | D:1      | qw the Spriggan Hunter began the quest for the Orb.
     0 | D:1      | Reached XP level 1. HP: 10/10 MP: 2/2
     0 | D:1      | 0 ||| qw: Version: 0.3-a-160-g6735b56
     0 | D:1      | 0 ||| qw: Game counter: 5658
     0 | D:1      | 0 ||| qw: Melee chars always use a shield: true
     0 | D:1      | 0 ||| qw: God list: Okawaru
     0 | D:1      | 0 ||| qw: Allow faded altars: false
     0 | D:1      | 0 ||| qw: Do Orc after clearing Dungeon:15 true
     0 | D:1      | 0 ||| qw: Do second Lair branch before Depths: true
     0 | D:1      | 0 ||| qw: Lair rune preference: random
     0 | D:1      | 0 ||| qw: Goals: Normal
     0 | D:1      | 0 ||| PLANNING D:1-11
    36 | D:1      | Reached skill level 3 in Dodging
   201 | D:1      | Reached XP level 2. HP: 14/14 MP: 3/3
   276 | D:1      | Reached skill level 4 in Dodging
   433 | D:1      | Found a faded altar of an unknown god.
   583 | D:1      | Found Diluiq's Assorted Antiques.
   596 | D:1      | 596 ||| SHOPLISTING 2 clear potions (45 gold, have 19).
   596 | D:1      | 596 ||| SHOPLISTING encrusted sapphire ring (125 gold, have
                  | 19).
   596 | D:1      | 596 ||| SHOPLISTING scroll labelled CIPLOU YTABASAO (25
                  | gold, have 19).
   596 | D:1      | 596 ||| SHOPLISTING scroll labelled OWUGRY UFROPI (25 gold,
                  | have 19).
   633 | D:1      | 633 ||| UPGRADING to +1 cloak.
   638 | D:1      | 638 ||| READING scroll labelled CIPLOU YTABASAO.
   639 | D:1      | 639 ||| READING scroll labelled OWUGRY UFROPI.
   639 | D:1      | 639 ||| IDENTIFYING golden potion
   640 | D:1      | 640 ||| DROPPING scroll of butterflies.
   641 | D:1      | 641 ||| DROPPING potion of attraction.
   775 | D:2      | 775 ||| RETREEEEATING.
   776 | D:2      | 776 ||| RETREEEEATING.
   777 | D:2      | 777 ||| FLEEEEING.
   778 | D:2      | 778 ||| FLEEEEING.
   779 | D:2      | 779 ||| FLEEEEING.
   780 | D:2      | 780 ||| FLEEEEING.
   781 | D:2      | 781 ||| FLEEEEING.
   788 | D:2      | Reached XP level 3. HP: 8/18 MP: 4/4
   794 | D:2      | 794 ||| FLEEEEING.
   795 | D:2      | 795 ||| FLEEEEING.
   796 | D:2      | 796 ||| FLEEEEING.
   797 | D:2      | 797 ||| FLEEEEING.
   798 | D:2      | 798 ||| FLEEEEING.
   799 | D:2      | 799 ||| FLEEEEING.
   800 | D:2      | 800 ||| FLEEEEING.
   801 | D:2      | 801 ||| FLEEEEING.
   802 | D:2      | 802 ||| FLEEEEING.
   807 | D:2      | 807 ||| FLEEEEING.
   808 | D:2      | 808 ||| FLEEEEING.
   809 | D:2      | 809 ||| FLEEEEING.
   811 | D:2      | 811 ||| FLEEEEING.
   812 | D:2      | 812 ||| FLEEEEING.
   814 | D:2      | 814 ||| FLEEEEING.
   815 | D:2      | 815 ||| FLEEEEING.
   816 | D:2      | 816 ||| FLEEEEING.
   818 | D:2      | 818 ||| FLEEEEING.
   819 | D:2      | 819 ||| FLEEEEING.
   820 | D:2      | 820 ||| FLEEEEING.
   821 | D:2      | 821 ||| FLEEEEING.
   822 | D:2      | 822 ||| FLEEEEING.
   823 | D:2      | 823 ||| FLEEEEING.
   824 | D:2      | 824 ||| FLEEEEING.
   825 | D:2      | 825 ||| FLEEEEING.
   826 | D:2      | 826 ||| FLEEEEING.
   827 | D:2      | 827 ||| FLEEEEING.
   828 | D:2      | 828 ||| FLEEEEING.
   829 | D:2      | 829 ||| FLEEEEING.
   830 | D:2      | 830 ||| FLEEEEING.
  1003 | D:2      | Noticed Sigmund
  1010 | D:2      | 1010 ||| DRINKING fuming pink potion.
  1011 | D:2      | 1011 ||| DRINKING fizzy silvery potion.
  1011 | D:2      | Gained mutation: You are resistant to electric shocks.
                  | (rElec) [potion of mutation]
  1011 | D:2      | Gained mutation: Your natural rate of healing is unusually
                  | fast. [potion of mutation]
  1011 | D:2      | Gained mutation: You possess an exceptional clarity of
                  | mind. [potion of mutation]
  1023 | D:2      | Killed Sigmund
  1024 | D:2      | Reached skill level 6 in Ranged Weapons
  1024 | D:2      | Reached XP level 4. HP: 19/22 MP: 5/5
  1024 | D:2      | Reached XP level 5. HP: 22/25 MP: 6/6
  1337 | D:2      | Found a runed translucent door.
  1338 | D:2      | Noticed Crazy Yiuf
  1427 | D:2      | 1427 ||| READING 3 scrolls of identify.
  1427 | D:2      | 1427 ||| IDENTIFYING black potion
  1428 | D:2      | 1428 ||| READING 2 scrolls of identify.
  1428 | D:2      | 1428 ||| IDENTIFYING scroll labelled LOV QAUQIAW
  1429 | D:2      | 1429 ||| READING scroll of identify.
  1429 | D:2      | 1429 ||| IDENTIFYING scroll labelled ETIUBL UM WEC
  1430 | D:2      | 1430 ||| READING scroll labelled KENOARCH DOOZUI.
  1431 | D:2      | 1431 ||| DROPPING scroll of fear.
  1432 | D:2      | 1432 ||| DROPPING potion of ambrosia.
  1861 | D:3      | Reached skill level 5 in Dodging
  1867 | D:3      | Reached XP level 6. HP: 30/30 MP: 7/7
  2326 | D:3      | Found a sparkling altar of Nemelex Xobeh.
  2326 | D:3      | Found an ancient bone altar of Kikubaaqudgha.
  2326 | D:3      | Found an ornate altar of the Wu Jian Council.
  2326 | D:3      | Found a hazy altar of Hepliaklqana.
  2326 | D:3      | Found a hide-covered altar of Uskayaw.
  2326 | D:3      | Found a sparkling altar of Nemelex Xobeh.
  2417 | D:3      | 2417 ||| READING 3 scrolls of identify.
  2417 | D:3      | 2417 ||| IDENTIFYING smoky dark potion
  2418 | D:3      | 2418 ||| READING 2 scrolls of identify.
  2418 | D:3      | 2418 ||| IDENTIFYING 2 clear potions
  2419 | D:3      | 2419 ||| READING scroll of identify.
  2419 | D:3      | 2419 ||| IDENTIFYING scroll labelled QAABBU COUR
  2420 | D:3      | 2420 ||| READING 3 scrolls labelled OPPUABU POTO.
  2420 | D:3      | 2420 ||| BRANDING +0 shortbow.
  2421 | D:3      | 2421 ||| READING 3 scrolls labelled TUISISYURI.
  2522 | D:3      | 2522 ||| READING scroll labelled YHAPYP YLOWOO.
  2522 | D:3      | 2522 ||| ENCHANTING +1 cloak.
  2523 | D:3      | 2523 ||| DROPPING 2 scrolls of vulnerability.
  2524 | D:3      | 2524 ||| DROPPING potion of magic.
  2525 | D:3      | 2525 ||| DROPPING scroll of summoning.
  2560 | D:4      | 2560 ||| STAIRDANCE
  2564 | D:4      | 2564 ||| STAIRDANCE
  2568 | D:4      | 2568 ||| STAIRDANCE
  2581 | D:4      | Reached skill level 6 in Dodging
  2608 | D:4      | Identified the +11 falchion of Milugie {elec, Will+ Dex-3
                  | SInv}
  2777 | D:4      | Noticed Grinder
  2791 | D:4      | HP: 7/30 [Grinder (3)]
  2792 | D:4      | 2792 ||| READING 4 scrolls of teleportation.
  2793 | D:4      | Killed Grinder
  2794 | D:4      | Reached XP level 7. HP: 11/35 MP: 8/8
  2822 | D:4      | Found a radiant altar of Vehumet.
  2931 | D:4      | Found a bloodstained altar of Trog.
  3021 | D:4      | 3021 ||| FLEEEEING.
  3023 | D:4      | 3023 ||| FLEEEEING.
  3024 | D:4      | 3024 ||| FLEEEEING.
  3026 | D:4      | 3026 ||| FLEEEEING.
  3027 | D:4      | 3027 ||| FLEEEEING.
  3028 | D:4      | 3028 ||| FLEEEEING.
  3074 | D:4      | Reached skill level 7 in Dodging
  3270 | D:4      | Found an ancient bone altar of Kikubaaqudgha.
  3468 | D:4      | Noticed Eustachio
  3469 | D:4      | 3469 ||| ZAPPING wand of mindburst (6) at -7,0 (Eustachio;
                  | floor).
  3470 | D:4      | 3470 ||| ZAPPING wand of mindburst (5) at -6,0 (Eustachio;
                  | floor).
  3471 | D:4      | 3471 ||| ZAPPING wand of mindburst (4) at -5,0 (Eustachio;
                  | floor).
  3472 | D:4      | 3472 ||| ZAPPING wand of mindburst (3) at -5,0 (Eustachio;
                  | floor).
  3473 | D:4      | 3473 ||| ZAPPING wand of mindburst (2) at -4,0 (Eustachio;
                  | floor).
  3474 | D:4      | 3474 ||| ZAPPING wand of mindburst (1) at -3,0 (Eustachio;
                  | floor).
  3474 | D:4      | Killed Eustachio
  3609 | D:5      | Entered Level 5 of the Dungeon
  3609 | D:5      | Found Haen's Weapon Shoppe.
  3688 | D:5      | Reached skill level 8 in Dodging
  3688 | D:5      | Reached XP level 8. HP: 39/39 MP: 9/9
  3821 | D:5      | Found a glowing silver altar of Zin.
  3936 | D:5      | Reached skill level 3 in Fighting
  3962 | D:5      | Found a staircase to the Ecumenical Temple.
  3963 | D:5      | 3963 ||| PLANNING TEMPLE
  3963 | D:5      | 3963 ||| READING 3 scrolls of identify.
  3963 | D:5      | 3963 ||| IDENTIFYING scroll labelled JAABOELOIC
  3964 | D:5      | 3964 ||| DROPPING scroll of torment.
  3974 | Temple   | Entered the Ecumenical Temple
  3975 | Temple   | 3975 ||| PLANNING OKAWARU WORSHIP
  4010 | Temple   | Became a worshipper of Warmaster Okawaru
  4011 | Temple   | 4011 ||| PLANNING D:1-11
  4170 | D:5      | Reached skill level 9 in Ranged Weapons
  4403 | D:6      | 4403 ||| PLANNING SEWER
  4510 | D:6      | Reached skill level 9 in Dodging
  4515 | D:6      | Reached * piety under Okawaru
  4571 | D:6      | Reached skill level 1 in Invocations
  4630 | D:6      | Reached XP level 9. HP: 41/44 MP: 11/11
  4848 | D:6      | 4848 ||| RETREEEEATING.
  4849 | D:6      | 4849 ||| RETREEEEATING.
  4850 | D:6      | 4850 ||| RETREEEEATING.
  4852 | D:6      | 4852 ||| RETREEEEATING.
  4853 | D:6      | 4853 ||| RETREEEEATING.
  4854 | D:6      | 4854 ||| RETREEEEATING.
  4856 | D:6      | 4856 ||| RETREEEEATING.
  4857 | D:6      | 4857 ||| RETREEEEATING.
  4858 | D:6      | 4858 ||| RETREEEEATING.
  4859 | D:6      | 4859 ||| RETREEEEATING.
  4861 | D:6      | 4861 ||| RETREEEEATING.
  4863 | D:6      | 4863 ||| RETREEEEATING.
  4865 | D:6      | 4865 ||| RETREEEEATING.
  4874 | D:6      | HP: 3/44 [yak (15)]
  4875 | D:6      | 4875 ||| READING 3 scrolls of teleportation.
  4878 | D:6      | Reached skill level 3 in Invocations
  4953 | D:6      | 4953 ||| RETREEEEATING.
  4955 | D:6      | 4955 ||| RETREEEEATING.
  4958 | D:6      | Reached skill level 10 in Dodging
  4960 | D:6      | Reached ** piety under Okawaru
  4965 | D:6      | 4965 ||| Stepping ~*~*~tactically~*~*~ (cloud).
  4986 | D:6      | 4986 ||| INVOKING Heroism.
  5113 | D:6      | Found a glowing drain.
  5114 | D:6      | 5114 ||| READING 2 scrolls of identify.
  5114 | D:6      | 5114 ||| IDENTIFYING scroll labelled CEUN REPRYPTY
  5115 | D:6      | 5115 ||| DROPPING wand of flame (16).
  5116 | D:6      | 5116 ||| DROPPING scroll of amnesia.
  5120 | Sewer    | Entered a sewer
  5215 | Sewer    | Found an ancient bone altar of Kikubaaqudgha.
  5407 | Sewer    | 5407 ||| READING 3 scrolls of identify.
  5407 | Sewer    | 5407 ||| IDENTIFYING sedimented amethyst potion
  5408 | Sewer    | 5408 ||| READING 2 scrolls of identify.
  5408 | Sewer    | 5408 ||| IDENTIFYING purple potion
  5409 | Sewer    | 5409 ||| READING scroll of identify.
  5409 | Sewer    | 5409 ||| IDENTIFYING sedimented red potion
  5410 | Sewer    | 5410 ||| DRINKING potion of experience.
  5410 | Sewer    | Reached skill level 16 in Dodging
  5410 | Sewer    | Reached XP level 10. HP: 49/49 MP: 14/14
  5411 | Sewer    | 5411 ||| DRINKING 4 viscous emerald potions.
  5439 | D:6      | 5439 ||| PLANNING D:1-11
  5635 | D:6      | Identified the +7 dagger of Fogoy {pain, *Slow Str+3 Dex+3}
  5772 | D:7      | 5772 ||| RETREEEEATING.
  5773 | D:7      | 5773 ||| RETREEEEATING.
  5774 | D:7      | 5774 ||| RETREEEEATING.
  5778 | D:7      | HP: 7/48 [wight/+0 flail (13)]
  5779 | D:7      | 5779 ||| READING 2 scrolls of teleportation.
  5780 | D:7      | 5780 ||| RETREEEEATING.
  5781 | D:7      | 5781 ||| RETREEEEATING.
  5782 | D:7      | 5782 ||| RETREEEEATING.
  5783 | D:7      | 5783 ||| RETREEEEATING.
  5784 | D:7      | 5784 ||| RETREEEEATING.
  5815 | D:7      | HP: 12/49 [orc priest/divine providence (10)]
  5816 | D:7      | 5816 ||| READING scroll of teleportation.
  5905 | D:7      | 5905 ||| RETREEEEATING.
  5909 | D:7      | Reached *** piety under Okawaru
  5950 | D:7      | Reached XP level 11. HP: 53/53 MP: 15/15
  5999 | D:7      | Found a shadowy altar of Dithmenos.
  6207 | D:7      | Found a sacrificial altar of Ru.
  6209 | D:7      | 6209 ||| UPGRADING to ring of protection from fire.
  6226 | D:8      | Noticed a two-headed ogre
  6226 | D:8      | Noticed Maurice
  6227 | D:8      | 6227 ||| INVOKING Heroism.
  6228 | D:8      | 6228 ||| STAIRDANCE
  6234 | D:7      | Maurice stole 193 gold
  6239 | D:7      | Killed Maurice
  6253 | D:8      | 6253 ||| STAIRDANCE
  6255 | D:7      | 6255 ||| INVOKING Heroism.
  6266 | D:7      | Killed a two-headed ogre
  6288 | D:8      | Noticed Grum
  6289 | D:8      | 6289 ||| STAIRDANCE
  6299 | D:8      | 6299 ||| STAIRDANCE
  6311 | D:8      | 6311 ||| STAIRDANCE
  6324 | D:8      | 6324 ||| STAIRDANCE
  6362 | D:8      | Killed Grum
  6396 | D:8      | 6396 ||| SWAPPING to +0 orcbow.
  6404 | D:8      | 6404 ||| DROPPING +0 heavy shortbow.
  6405 | D:8      | 6405 ||| READING 2 scrolls of brand weapon.
  6405 | D:8      | 6405 ||| BRANDING +0 orcbow.
  6408 | D:8      | 6408 ||| READING scroll of brand weapon.
  6408 | D:8      | 6408 ||| BRANDING +0 orcbow of draining.
  6410 | D:8      | Reached skill level 12 in Ranged Weapons
  6412 | D:8      | Noticed Erica
  6413 | D:8      | 6413 ||| INVOKING Heroism.
  6427 | D:8      | Killed Erica
  6427 | D:8      | Reached **** piety under Okawaru
  6464 | D:8      | Found a runed translucent door.
  6526 | D:8      | Found a hazy altar of Hepliaklqana.
  6673 | D:8      | Found a broken altar of Ashenzari.
  6676 | D:8      | Noticed Psyche
  6683 | D:8      | Killed Psyche
  6803 | D:8      | Found a burning altar of Makhleb.
  6803 | D:8      | Noticed a sixfirhy
  6948 | D:8      | 6948 ||| UPGRADING to +0 steam dragon scales.
  6958 | D:8      | 6958 ||| DROPPING +0 robe.
  6959 | D:8      | 6959 ||| DRINKING 3 fuming golden potions.
  7009 | D:8      | 7009 ||| DROPPING 2 potions of lignification.
  7042 | D:9      | Found a hide-covered altar of Uskayaw.
  7044 | D:9      | Found a sparkling altar of Nemelex Xobeh.
  7112 | D:9      | Identified the flux talisman of the Moon Troll {rC+}
  7191 | D:9      | 7191 ||| RETREEEEATING.
  7203 | D:9      | Reached skill level 1 in Armour
  7261 | D:9      | Noticed a two-headed ogre
  7262 | D:9      | 7262 ||| INVOKING Finesse.
  7263 | D:9      | 7263 ||| INVOKING Finesse.
  7264 | D:9      | 7264 ||| INVOKING Finesse.
  7272 | D:9      | Killed a two-headed ogre
  7401 | D:9      | HP: 6/55 [acid dragon/splash of acid (37)]
  7403 | D:9      | Reached ***** piety under Okawaru
  7406 | D:9      | Slain by a troll

Levels and vault maps discovered:
D:1:      dpeg_arrival_rooms_with_view, layout_basic, serial_shops,
          nicolae_shop_overgrown_old_shop, ebering_ecumenical_altar_hall,
          minivault_14
D:2:      layout_basic, uniq_sigmund, uniq_crazy_yiuf_cottage
D:3:      cheibrodos_fertilizer, layout_loops_corners, serial_undead,
          serial_undead_b, serial_undead_b, serial_undead_f, serial_undead_b,
          serial_undead_d, serial_undead_c, serial_undead_f, serial_undead_d,
          minmay_lizard_king
D:4:      layout_basic, kennysheep_little_box,
          mainiacjoe_overflow_small_starburst, lemuel_coloured_pillars_altar,
          uniq_grinder, uniq_eustachio
D:5:      layout_loops_cross, mainiacjoe_overflow_alcove_2,
          minmay_temple_entry_purple_smoke, hangedman_abyss_or_decor_stagger,
          amethyst_killhole, nicolae_stop_n_shop_1
D:6:      layout_basic, gup_sewer_entry_spiral, st_stairs_8,
          dilly_guarded_unrand_morg
D:7:      layout_cave_pools, nicolae_ru_path_of_blood,
          nicolae_overflow_crystal_walls
D:8:      layout_loops_ring, nzn_makhleb_speed_demon,
          cheibrodos_ashenzari_chains, nzn_hepliaklqana_mist_gate,
          chequers_serial_rivers_room_b, skrybe_limestone_x, uniq_maurice,
          uniq_psyche, uniq_erica, uniq_grum
D:9:      layout_roguey, mainiacjoe_overflow_catwalk_spiral
Temple:   cyrus_temple_forest

Skill      XL: |  1  2  3  4  5  6  7  8  9 10 11 |
---------------+----------------------------------+-----
Dodging        | 3 4 5 6 8 9 16 | 16.6
Ranged Weapons | 6 7 8 9 10 11 12 | 12.3
Fighting       | 2 3 4 5 |  5.0
Invocations    | 2 4 5 |  5.3
Armour         | 1 |  1.0
Stealth        | |  1.5

Action                     |  1- 3 |  4- 6 |  7- 9 | 10-12 || total
---------------------------+-------+-------+-------+-------++-------
   Fire: Shortbow          |    86 |   192 |   288 |   171 ||   737
         Orcbow            |       |       |       |   126 ||   126
 Invoke: Heroism           |       |       |     1 |     3 ||     4
         Finesse           |       |       |       |     1 ||     1
  Evoke: Wand              |       |       |     6 |       ||     6
    Use: Scroll            |     2 |    11 |     6 |     4 ||    23
         Potion            |     2 |       |     1 |     2 ||     5
 Armour: Robe              |    16 |    26 |    47 |    44 ||   133
         Steam dragon scal |       |       |       |    12 ||    12
  Dodge: Dodged            |    41 |    88 |   188 |   313 ||   630

Table legend:
 A = Non-vault XP
 B = Vault XP
 C = Vault XP percentage of total XP
 D = Non-vault monster count
 E = Vault monster count
 F = Vault count percentage of total count
                 A         B        C        D         E       F
            +---------+---------+-------+---------+---------+-------
      Total |    8222 |    4274 |  34.2 |     166 |      88 |  34.6
            +---------+---------+-------+---------+---------+-------
        D:1 |      26 |       5 |  16.1 |      14 |       2 |  12.5
        D:2 |      53 |     214 |  80.1 |      18 |       1 |   5.3
        D:3 |      35 |     228 |  86.7 |      19 |      33 |  63.5
        D:4 |     208 |     469 |  69.3 |      19 |       2 |   9.5
        D:5 |     874 |       0 |   0.0 |      18 |       0 |   0.0
        D:6 |    1959 |     882 |  31.0 |      30 |      16 |  34.8
        D:7 |    2421 |     763 |  24.0 |      25 |       3 |  10.7
        D:8 |     902 |    1355 |  60.0 |      11 |       3 |  21.4
        D:9 |    1744 |       0 |   0.0 |      12 |       0 |   0.0
      Sewer |       0 |     358 | 100.0 |       0 |      28 | 100.0
            +---------+---------+-------+---------+---------+-------
